 Dungeon Crawl Stone Soup version 0.28.0-43-g3370ac3207 (webtiles) character file.

Game seed: 12455195462229693300

79 cbfl8 the Chopper (level 4, 0/40 HPs)
             Began as a Minotaur Berserker on Mar 6, 2022.
             Was a Believer of Trog.
             Slain by a gnoll
             ... wielding a +0 spear
              (3 damage)
             ... on level 2 of the Dungeon.
             The game lasted 00:02:43 (1881 turns).

cbfl8 the Chopper (Minotaur Berserker)              Turns: 1881, Time: 00:02:43

Health: 0/40       AC:  6    Str: 24    XL:     4   Next: 17%
Magic:  3/3        EV: 10    Int:  4    God:    Trog [**....]
Gold:   29         SH:  0    Dex:  9    Spells: 3/3 levels left

rFire   . . .      SeeInvis .   a - +0 hand axe
rCold   . . .      Faith    .   (no shield)
rNeg    . . .      Spirit   .   e - +0 scale mail
rPois   .          Reflect  .   (helmet restricted)
rElec   .          Harm     .   (no cloak)
rCorr   .          Rampage  .   (no gloves)
Will    .....                   (no boots)
Stlth   ..........              (no amulet)
HPRegen 0.13/turn               (no ring)
MPRegen 0.08/turn               (no ring)

@: on berserk cooldown, slowed, very slow
A: horns 2, retaliatory headbutt
a: Renounce Religion, Berserk, Trog's Hand


You were on level 2 of the Dungeon.
You worshipped Trog.
Trog was pleased with you.
You visited 1 branch of the dungeon, and saw 2 of its levels.

You collected 29 gold pieces.

Inventory:

Hand Weapons
 a - a +0 hand axe (weapon)
Armour
 b - a +0 animal skin
 e - a +0 scale mail (worn)
Scrolls
 c - a scroll of blinking {unknown}
 d - a scroll of identify {unknown}
Potions
 f - a potion of haste {unknown}


   Skills:
 + Level 4.2 Fighting
 + Level 4.9 Axes
 + Level 3.2 Armour
 + Level 2.5 Dodging
 + Level 0.2 Stealth


You had 3 spell levels left.
You didn't know any spells.
Your spell library was empty.

Dungeon Overview and Level Annotations

Branches:
Dungeon (2/15)

Altars:

Shops:
D:1 !


Innate Abilities, Weirdness & Mutations

You have a pair of horns on your head.
You reflexively headbutt those who attack you in melee.


Message History

You feel yourself slow down.
There is a stone staircase leading down here.
The gnoll closely misses you. The rat barely misses you.
You furiously retaliate!
You headbutt the rat!
You kill the rat!
Trog accepts your kill.
Things that are here:
a +0 club; a +0 robe; a scroll labelled CUFODY AFIHAC The gnoll hits you but does no damage.
The gnoll hits you from afar with a +0 spear.
The gnoll hits you but does no damage. The gnoll barely misses you.
You barely miss the gnoll. The gnoll closely misses you.
The gnoll completely misses you.
You hit the gnoll but do no damage. Your headbutt misses the gnoll.
The gnoll barely misses you. x2; The gnoll hits you but does no damage.
The gnoll hits you from afar with a +0 spear!
You barely miss the gnoll. The gnoll hits you with a +0 spear.
The gnoll barely misses you. The gnoll hits you but does no damage.
You completely miss the gnoll.
The gnoll hits you from afar with a +0 spear!
The gnoll hits you with a +0 spear. The gnoll closely misses you.
You slash the gnoll! You headbutt the gnoll.
You kill the gnoll!
Trog accepts your kill. The gnoll barely misses you.
The gnoll hits you from afar with a +0 spear.
Things that are here:
a +0 club; a +0 robe; a scroll labelled CUFODY AFIHAC The gnoll hits you from afar with a +0 spear.
* * * LOW HITPOINT WARNING * * *
The gnoll closely misses you. You furiously retaliate!
You headbutt the gnoll, but do no damage.
Things that are here:
a +0 club; a +0 robe; a scroll labelled CUFODY AFIHAC You closely miss the gnoll.
The gnoll barely misses you. The gnoll hits you but does no damage.
You barely miss the gnoll. The gnoll hits you with a +0 spear.
* * * LOW HITPOINT WARNING * * *
You barely miss the gnoll. The gnoll hits you with a +0 spear.
You die...

## ... # ###.... ..#
....... #.#. ######..B....
#.#..####.@g)>.......
#.......###........ ###
###......####........ ....
....####.............
#.####.## #.#...........
##....#..###...#..#.#.#..
.# ###.#..................
#.##....#.....#.#.#.#.#.#..
..##.####..#......# ..


You could see a gnoll and a giant cockroach.

Vanquished Creatures
  2 gnolls (D:2)
  An adder (D:2)
  3 dart slugs
  3 ball pythons
  6 endoplasms
  A giant cockroach (D:1)
  5 goblins
  3 hobgoblins
  5 kobolds
  2 quokkas (D:1)
  3 bats (D:1)
  2 frilled lizards (D:1)
  5 rats
41 creatures vanquished.

Vanquished Creatures (others)
  A fungus (D:2)
  A plant (D:2)
2 creatures vanquished.

Grand Total: 43 creatures vanquished

Notes
Turn   | Place    | Note
-------+----------+-------------------------------------------
     0 | D:1      | cbfl8 the Minotaur Berserker began the quest for the Orb.
     0 | D:1      | Reached XP level 1. HP: 19/19 MP: 0/0
   477 | D:1      | Reached XP level 2. HP: 10/27 MP: 1/1
  1059 | D:1      | Reached XP level 3. HP: 33/33 MP: 2/2
  1285 | D:1      | Found Duqiagei's Distillery.
  1317 | D:1      | Reached ** piety under Trog
  1521 | D:2      | Found a faded altar of an unknown god.
  1863 | D:2      | Reached XP level 4. HP: 40/40 MP: 3/3
  1881 | D:2      | Slain by a gnoll

Illustrated notes

Levels and vault maps discovered:
D:1:      scummos_arrival_checkerplants, layout_basic, serial_shops,
          nicolae_shop_stone
D:2:      layout_rooms, shapermc_ecumenical_altar_gd, basic_altar,
          serial_co_window_serial, co_window_paths_b,
          co_window_of_opportunity_a, co_window_paths_a, co_window_paths_b,
          co_window_of_opportunity_a, co_window_paths_c, co_window_2corner,
          co_window_broadway_c, co_window_corner_ca, co_window_of_opportunity_b,
          co_window_sun, glass_columns_a, glass_columns_b, glass_columns_c,
          glass_columns_a, glass_columns_b

Skill      XL: |  1  2  3 |
---------------+----------+-----
Axes           | 4 |  4.9
Fighting       | 4 |  4.2
Armour         | 3 |  3.2
Dodging        | |  2.5
Stealth        | |  0.2

Action                   |  1- 3 |  4- 6 || total
-------------------------+-------+-------++-------
Melee: Hand axe          |    98 |     8 ||   106
       Headbutt          |    10 |     1 ||    11
Invok: Berserk           |     1 |       ||     1
Armor: Animal skin       |     7 |       ||     7
       Scale mail        |    18 |     5 ||    23
Dodge: Dodged            |    47 |    12 ||    59
